 Dungeon Crawl Stone Soup version 0.24.0-123-gd5b16e6ec5 (webtiles) character file.

Game seed: 17237712556336864049, levelgen mode: deterministic

245 BlindMind the Grave Robber (level 5, 0/38 HPs)
             Began as a Mummy Necromancer on Jan 29, 2020.
             Slain by Grinder (8 damage)
             ... while paralysed by Grinder
             ... on level 3 of the Dungeon.
             The game lasted 00:11:11 (3831 turns).

BlindMind the Grave Robber (Mummy Necromancer)      Turns: 3831, Time: 00:11:12

Health: 0/38       AC:  5    Str: 13    XL:     5   Next: 84%
Magic:  11/12      EV:  2    Int: 21    God:
Gold:   118        SH:  0    Dex: 12    Spells: 9/13 levels left

rFire    x . .     SeeInvis .   h - -1 short sword (curse)
rCold    + . .     Gourm    .   (no shield)
rNeg     + + +     Faith    .   a - +0 robe
rPois    ∞         Spirit   .   j - +2 helmet {Int+3}
rElec    .         Reflect  .   (no cloak)
rCorr    .         Harm     .   (no gloves)
MR       .....                  (no boots)
Stlth    ++........             (no amulet)
HPRegen  0.12/turn              b - +4 ring of intelligence
MPRegen  0.13/turn              (no ring)

@: paralysed
A: no food or potions, fire vulnerability, cold resistance 1, negative energy
resistance 3, torment resistance, unbreathing
a: no special abilities


You were on level 3 of the Dungeon.
You were not hungry.

You visited 1 branch of the dungeon, and saw 3 of its levels.

You collected 118 gold pieces.

Inventory:

Hand Weapons
 g - a +0 mace
 h - a cursed -1 short sword (weapon)
Missiles
 f - 7 poisoned darts (quivered)
Armour
 a - a +0 robe (worn)
 i - a +0 ring mail of fire resistance
 j - a +2 helmet of intelligence (worn)
Jewellery
 b - a +4 ring of intelligence (left hand)
Scrolls
 d - 2 scrolls of identify


   Skills:
 * Level 2.0 Fighting
 * Level 1.6 Maces & Flails
 - Level 1.5 Dodging
 - Level 1.5 Stealth
 - Level 0.3 Unarmed Combat
 + Level 4.6 Spellcasting
 + Level 5.3 Necromancy


You had 9 spell levels left.
You knew the following spells:

 Your Spells              Type           Power        Failure   Level  Hunger
a - Pain                  Necr           ####         1%          1    N/A
b - Vampiric Draining     Necr           ####......   3%          3    N/A

Your spell library contained the following spells:

 Spells                   Type           Power        Failure   Level  Hunger
 Animate Skeleton         Necr           N/A          1%          1    N/A
 Animate Dead             Necr           N/A          13%         4    N/A
 Regeneration             Chrm/Necr      Unusable     N/A         3    N/A

Dungeon Overview and Level Annotations

Branches:
Dungeon (3/15)

Altars:
Ru

Annotations:
D:3 Grinder


Innate Abilities, Weirdness & Mutations

You do not eat or drink.
Your flesh is vulnerable to fire.
You are immune to poison.
Your flesh is cold resistant. (rC+)
You are immune to negative energy. (rN+++)
You are immune to unholy pain and torment.
You can survive without breathing.


Message History

Grinder hits you but does no damage. Grinder gestures at you.
You suddenly lose the ability to move!
Grinder blinks!
You can move again.
Grinder blinks!
Grinder says, "Just stop there for a second..."
Grinder blinks!
Grinder hits you. Grinder gestures at you. You resist with some effort.
Grinder blinks!
Grinder says, "DUCK!"
Grinder gestures at you.
You suddenly lose the ability to move!
Grinder hits you!
* * * LOW HITPOINT WARNING * * *
Grinder hits you but does no damage. Grinder hits you!
You die...

#..##.# #..,,...,,,..#**,,,,,,,
###.##.# #.#**#.#***#.# *,,,,,**
....#..# #.####.#####.###.#,####
##'.#.## #.#..............#,#$..
..#.#.# #.#.#...###..#####.#...
..#.#.#####..†..#.(().(# *.#..g
..#..........>#..(###..#####,....
#############.##.## #..(..(###...
..#...........##@# #.####.)(.(..
..#.############5# #.# #.###...
..#.# #.# #.# #.# ##.# ##'.# #.#
#.# *#.#* *.# ....# #.#
#.#**...***.# <#..# #.#
#..,,.#.,,,.r ...## #§#
##**#.,.***#. .### #.# ##,## *.
.# #.# *,* **


You could see Grinder.

Vanquished Creatures
  An orc wizard (D:3)
  Terence (D:3)
  Jessica (D:2)
  An iguana (D:3)
  Robin (D:3)
  5 adders
  4 worms
  2 dart slugs (D:1)
  A leopard gecko (D:3)
  A ball python (D:3)
  7 bats
  3 giant cockroaches
  15 goblins
  2 hobgoblins
  5 jackals (D:1)
  6 kobolds
  3 quokkas
  7 frilled lizards
  7 rats
73 creatures vanquished.

Notes
Turn   | Place    | Note
-------+----------+-------------------------------------------
     0 | D:1      | BlindMind the Mummy Necromancer began the quest for the
                  | Orb.
     0 | D:1      | Reached XP level 1. HP: 13/13 MP: 4/4
   382 | D:1      | Reached XP level 2. HP: 19/19 MP: 2/5
  1382 | D:2      | Reached XP level 3. HP: 21/25 MP: 7/7
  1496 | D:2      | Noticed Jessica
  1505 | D:2      | Killed Jessica
  1505 | D:2      | Reached skill level 1 in Fighting
  1505 | D:2      | Reached XP level 4. HP: 32/32 MP: 3/9
  1806 | D:2      | Learned a level 3 spell: Vampiric Draining
  2092 | D:2      | Reached skill level 1 in Maces & Flails
  2760 | D:3      | Found a sacrificial altar of Ru.
  2761 | D:3      | Noticed Terence
  2778 | D:3      | Killed Terence
  2778 | D:3      | Reached skill level 5 in Necromancy
  2778 | D:3      | Reached XP level 5. HP: 29/37 MP: 1/11
  3396 | D:3      | Noticed Robin
  3412 | D:3      | Killed Robin
  3587 | D:3      | Noticed Grinder
  3646 | D:3      | Paralysed by Grinder for 3 turns
  3776 | D:3      | Paralysed by Grinder for 6 turns
  3808 | D:3      | Paralysed by Grinder for 2 turns
  3827 | D:3      | Paralysed by Grinder for 7 turns
  3831 | D:3      | Slain by Grinder

Levels and vault maps discovered:
D:1:      onia_arrival_larder, layout_rooms
D:2:      layout_rooms, dk_noncrumbling_3, corexii_leaking_fountain,
          uniq_jessica
D:3:      layout_loops_ring, chequers_ecumenical_altar_simple,
          nicolae_ru_great_annihilating_truth, uniq_terence, uniq_grinder,
          uniq_crazy_yiuf_cottage, uniq_robin

Skill      XL: |  1  2  3  4  5 |
---------------+----------------+-----
Spellcasting   | 3 4 |  4.6
Fighting       | 1 2 |  2.0
Maces & Flails | 1 |  1.6
Necromancy     | 5 |  5.3
Dodging        | |  1.5
Stealth        | |  1.5
Unarmed Combat | |  0.3

Action                   |  1- 3 |  4- 6 || total
-------------------------+-------+-------++-------
Melee: Unarmed           |    13 |       ||    13
       Mace              |     5 |    52 ||    57
       Short sword       |       |    42 ||    42
       Punch             |       |     1 ||     1
Throw: Dart              |     2 |    23 ||    25
 Cast: Pain              |    54 |    54 ||   108
       Vampiric Draining |       |     9 ||     9
  Use: Scroll            |       |     6 ||     6
 Stab: Sleeping          |       |     1 ||     1
       Paralysed         |       |     1 ||     1
Armor: Robe              |     3 |    29 ||    32
Dodge: Dodged            |    20 |    95 ||   115
